Unix NetHack Version 5.0.0-0 post-release - last build May 10 2026 23:12:36 (d1fa5d53e341ca933230fdaa984d921c805b60aa,branch:main).

Game began 2026-05-13 17:40:11, ended 2026-05-13 18:02:57.

GdeVolpiano, lawful male dwarven Caveman

                        ------
                        |....
   --------             |...--------
   |.......             |...|+++|..|------
   |.<....|             |...|+??|..|.....|    |
   |.......             |...|..@|-||.%_..| --|-     -- |
   |......|#       ##   |.@.---|-..|.....| ...-|--- ...|
   |.......#############-..........|.....|.............|
   -------- ##          |........{.--|----.{...........|
                        |.......@a..[[[.................
                        |...---+-...........-+--+---   |
                        |...|   |-------.---|
                        |...|   |..|%!.-.|..|
                        |...|   |..|%%.|.-..|
                        |...------|-----.----  -----   |
                        |..............................|
                        --------------------------------

GdeVolpiano the Wanderer  St:18/03 Dx:14 Co:16 In:8 Wi:11 Ch:7  Lawful
Dlvl:8  $:133 HP:0(64) Pw:16(16) AC:3  Xp:6 T:2798 

Latest messages:
 The door opens.
 This door is locked.
 Unlock it with your key? [ynq] (q)
 You succeed in unlocking the door.
 The door opens.
 You kill the kobold shaman!
 The kitten bites!
 You hit the kitten!
 The kitten bites!
 The kitten misses!
 You kill the kitten!
 You hit the kitten!
 The kitten bites!
 You kill the kitten!
 There is an open door here.
 You see here a kitten corpse.
 You hit the kobold shaman!
 The kobold shaman casts a spell at you!
 You get a slight headache.
 You kill the kobold shaman!
 Welcome to experience level 6.
 W - a kitten corpse.
 Where do you want to travel to?
 (For instructions type a '?')
 You experience a sense of peace.
 Pardon me, priest of Anu.
 #
 What do you want to sacrifice? [W or ?*]
 Your sacrifice is consumed in a flash of light!
 You are beginning to feel hungry.
 What do you want to eat? [JP or ?*]
 This food really hits the spot!
 You finish eating the food ration.
 You see here an iron skull cap.
 The giant beetle bites!
 You hear a door open.
 What do you want to drink? [ip or ?*]
 You feel better.
 The giant beetle bites!
 You miss the giant beetle.
 You miss the giant beetle.
 The giant beetle bites!
 You hit the giant beetle!
 The giant beetle bites!
 You hit the giant beetle!
 The giant beetle bites!
 You die...
 Clonegal looks at your corpse, shakes his head, and sighs.
 Do you want your possessions identified? [ynq] (y)
 Do you want to see your attributes? [ynq] (y)

Inventory:
 Coins    ('$')
  $ - 133 gold pieces
 Weapons  (')')
  b - a +2 sling (alternate weapon; not wielded)
  a - a +1 club (weapon in right hand)
 Armor    ('[')
  E - an uncursed +0 orcish helm (being worn)
  o - an uncursed +0 pair of gauntlets of dexterity (being worn)
  q - a blessed +0 pair of water walking boots (being worn)
  r - an uncursed +0 shield of reflection (being worn)
  B - an uncursed +0 dwarvish cloak (being worn)
  e - an uncursed +0 leather armor (being worn)
 Comestibles  ('%')
  P - an uncursed food ration
  J - an uncursed lembas wafer
 Scrolls  ('?')
  w - an uncursed scroll of amnesia
  y - an uncursed scroll of gold detection
  L - a blessed scroll of identify
  t - a blessed scroll of magic mapping
  v - an uncursed scroll of scare monster
  D - a cursed scroll of teleportation
 Potions  ('!')
  i - a blessed potion of healing
  p - 6 uncursed potions of healing
 Wands    ('/')
  R - a wand of create monster (0:10)
  O - a wand of digging (0:7)
 Tools    ('(')
  l - a drum of earthquake (0:6)
  n - an uncursed blindfold
  k - an uncursed skeleton key
 Gems/Stones  ('*')
  c - 18 uncursed flint stones (in quiver pouch)

GdeVolpiano the Caveman's attributes:

Background:
 You were a Wanderer, a level 6 dwarven Caveman.
 You were lawful, on a mission for Anu
 who was opposed by Ishtar (neutral) and Anshar (chaotic).
 You were right-handed.
 You were in the Gnomish Mines, on level 8.
 You entered the dungeon 2798 turns ago.
 You had 340 experience points, 300 more were needed to attain level 7.

Basics:
 You had 0 out of 64 hit points.
 You had all 16 energy points (spell power).
 Your armor class was 3.
 Your wallet contained 133 zorkmids.
 Autopickup was on for '$?!/="+' plus thrown, with exceptions.

Final Characteristics:
 Your strength was 18/03 (limit:18/100).
 Your dexterity was 14 (limit:20).
 Your constitution was 16 (limit:20).
 Your intelligence was 8 (limit:16).
 Your wisdom was 11 (limit:16).
 Your charisma was 7 (limit:16).

Final Status:
 You weren't hungry.
 You were unencumbered.
 You were wielding a club.
 You were skilled in club.

Final Attributes:
 You were piously aligned.
 Your items were somewhat protected from fire.
 Your items were somewhat protected from cold.
 You had infravision.
 You could walk on water.
 You were warded.
 You had reflection.
 You were lucky.
 You are dead.

Miscellaneous:
 You didn't encounter any bones levels.
 Total elapsed playing time was 22 minutes and 44 seconds.

Major events:
 Turn
    1: GdeVolpiano the lawful dwarven Caveman entered the dungeon
 1275: attained the rank of Aborigine (level 3)
 1845: entered the Gnomish Mines
 2563: reached Mine Town
 2755: attained the rank of Wanderer (level 6)
 2798: killed by a giant beetle

You didn't know any spells.

Skills:
 Fighting Skills
   bare handed combat [Basic]
 Weapon Skills
   dagger             [Unskilled]
   knife              [Unskilled]
   axe                [Unskilled]
   pick-axe           [Unskilled]
   club               [Skilled]
   mace               [Unskilled]
   morning star       [Unskilled]
   flail              [Unskilled]
   hammer             [Unskilled]
   quarterstaff       [Unskilled]
   polearms           [Unskilled]
   spear              [Unskilled]
   trident            [Unskilled]
   bow                [Unskilled]
   sling              [Basic]
   boomerang          [Unskilled]
   unicorn horn       [Unskilled]
 Spellcasting Skills
   attack spells      [Unskilled]
   matter spells      [Unskilled]

Voluntary challenges:
 Character rerolling was not enabled.
 You never genocided any monsters.
 You never polymorphed an object.
 You never changed form.
 You used no wishes.
Achievements:
 You entered a shop.
 You attained the rank of Aborigine.
 You entered the Gnomish Mines.
 You entered Minetown.
 You entered a temple.
 You attained the rank of Wanderer.

 The Dungeons of Doom: levels 1 to 5
    Level 1:
       A fountain.
    Level 2:
       An armor shop, a fountain.
    Level 3:
       A fountain, a grave.
    Level 4: "vault"
       A fountain, a sink.
       Stairs down to The Gnomish Mines.
    Level 5:
       A fountain.
 The Gnomish Mines: levels 5 to 8
    Level 5:
    Level 6:
    Level 7:
    Level 8: <- You were here.
       Some shops, a temple and an altar to Anu, some fountains.
       Final resting place for
          you, killed by a giant beetle.


Vanquished creatures:
 an imp
  2 Uruk-hai
  a rock piercer
  a yellow light
  a little dog
  3 floating eyes
  2 kittens
  2 kobold shamans
  7 hill orcs
  a giant bat
  a monkey
  2 iguanas
  2 acid blobs
  a coyote
  2 hobgoblins
  a cave spider
  a yellow mold
  2 gnomes
  2 geckos
  a fox
  a goblin
  4 sewer rats
  a grid bug
  a bat
  4 lichens
  a kobold zombie
  5 newts
53 creatures vanquished.

No species were genocided or became extinct.

Game over:
                       ----------
                      /          \
                     /    REST    \
                    /      IN      \
                   /     PEACE      \
                  /                  \
                  |   GdeVolpiano    |
                  |      133 Au      |
                  |   killed by a    |
                  |   giant beetle   |
                  |                  |
                  |                  |
                  |       2026       |
                 *|     *  *  *      | *
        _________)/\\_//(\/(/\)/\//\/|_)_______

Goodbye GdeVolpiano the Caveman...

You died in The Gnomish Mines on dungeon level 8 with 1850 points,
and 133 pieces of gold, after 2798 moves.
You were level 6 with a maximum of 64 hit points when you died.

